 Dungeon Crawl Stone Soup version 0.31.0-11-ge490571c62 (webtiles) character file.

Game seed: 12730729103443682121

118 qw the Ducker (level 4, -6/22 HPs)
             Began as a Spriggan Hunter on Feb 4, 2024.
             Mangled by an orc
             ... wielding a +0 flail
              (7 damage)
             ... on level 3 of the Dungeon.
             The game lasted 00:00:58 (1452 turns).

qw the Ducker (Spriggan Hunter)                     Turns: 1452, Time: 00:00:59

Health: -6/22      AC:  2    Str:  7    XL:     4   Next: 72%
Magic:  5/5        EV: 20    Int: 10    God:
Gold:   89         SH:  0    Dex: 20    Spells: 3/3 levels left

rFire   . . .        a - +1 shortbow
rCold   . . .        (shield currently unavailable)
rNeg    . . .        c - +0 robe
rPois   .            (helmet restricted)
rElec   .            (no cloak)
rCorr   .            (gloves unavailable)
SInv    +            (boots unavailable)
Will    .....        l - amulet of regeneration
Stlth   ++           (no ring)
HPRegen 1.03/turn    (no ring)
MPRegen 0.09/turn

%: no passive effects
@: very quick
A: very small, no large weapons, unfitting armour, see invisible, speed 3
a: no special abilities


You were on level 3 of the Dungeon.
You visited 1 branch of the dungeon, and saw 3 of its levels.

You collected 89 gold pieces.


Innate Abilities, Weirdness & Mutations

You are very small and have problems with some larger weapons.
You are too small for most types of armour.
You have supernaturally acute eyesight. (SInv)
You cover ground extremely quickly. (Speed+++)


   Skills:
 + Level 1.6 Fighting
 - Level 5.0 Ranged Weapons
 - Level 5.3 Dodging
 - Level 1.5 Stealth


You had 3 spell levels left.
You didn't know any spells.
Your spell library was empty.

Inventory:

Hand Weapons
 a - a +1 shortbow (weapon)
Armour
 c - a +0 robe (worn)
Jewellery
 l - an amulet of regeneration (around neck)
Potions
 b - a potion of curing {unknown}
 e - a potion of haste {unknown}
 g - a potion of degeneration {unknown}
 h - a potion of attraction {unknown}
 j - a potion of mutation {unknown}

Dungeon Overview and Level Annotations

Branches:
Dungeon (3/15)

Altars:


Message History

Beogh smites you!
Ouch! That really hurt!
An endoplasm comes into view.
You shoot an arrow. The endoplasm quivers.
The arrow hits the orc priest!
The orc priest is almost dead.
The orc priest hits you with a +0 dagger.
The endoplasm jiggles.
The orc closely misses you.
You shoot an arrow. The arrow hits the orc priest.
You kill the orc priest!
The orc misses you. The orc closely misses you.
Your Dodging skill increases to level 5!
You shoot an arrow.
The arrow hits the orc but does no damage.
The orc is moderately wounded.
The orc hits you with a +0 flail! The orc misses you.
You shoot an arrow. The arrow hits the orc!
You kill the orc!
The kobold misses you.
You shoot an arrow. The arrow closely misses the orc.
The arrow hits the orc priest but does no damage.
The orc misses you. The kobold completely misses you.
The orc completely misses you.
You shoot an arrow. The arrow hits the orc.
The orc is lightly wounded.
The orc hits you with a +0 dagger. The kobold barely misses you.
The orc completely misses you.
The orc priest looks braver for a moment.
You shoot an arrow. The arrow closely misses the orc.
The arrow hits the endoplasm!
You kill the endoplasm!
The orc misses you. The kobold barely misses you. The orc misses you.
You shoot an arrow. The arrow closely misses the orc.
The arrow hits the orc priest.
The orc priest is lightly wounded.
The orc hits you with a +0 dagger. The kobold closely misses you.
The orc hits you with a +0 flail!
You die...

######### #.......#
#.......# #.......#
#.......# . #.......###
...########.........####
.#....Ko................
..%..oo@........).####..
.##########.......## ###
..#####....#####
#...............
########.#.#.###
#...#.... ###.#.#..
#.#.... #....##


You could see an orc priest, 2 orcs and a kobold.

Vanquished Creatures
  An orc priest (D:3)
  An adder (D:3)
  A dart slug (D:1)
  A ribbon worm (D:3)
  6 orcs
  5 ball pythons
  6 bats
  8 endoplasms
  7 goblins
  5 hobgoblins
  8 jackals
  3 kobolds
  4 quokkas
  A frilled lizard (D:1)
  4 rats
61 creatures vanquished.

Notes
Turn   | Place    | Note
-------+----------+-------------------------------------------
     0 | D:1      | qw the Spriggan Hunter began the quest for the Orb.
     0 | D:1      | Reached XP level 1. HP: 10/10 MP: 2/2
     0 | D:1      | 0 ||| qw: Version: 0.3-a-160-g6735b56
     0 | D:1      | 0 ||| qw: Game counter: 5934
     0 | D:1      | 0 ||| qw: Melee chars always use a shield: true
     0 | D:1      | 0 ||| qw: God list: Okawaru
     0 | D:1      | 0 ||| qw: Allow faded altars: false
     0 | D:1      | 0 ||| qw: Do Orc after clearing Dungeon:15 true
     0 | D:1      | 0 ||| qw: Do second Lair branch before Depths: true
     0 | D:1      | 0 ||| qw: Lair rune preference: random
     0 | D:1      | 0 ||| qw: Goals: Normal
     0 | D:1      | 0 ||| PLANNING D:1-11
    21 | D:1      | Reached skill level 3 in Dodging
   105 | D:1      | Reached XP level 2. HP: 14/14 MP: 3/3
   638 | D:1      | 638 ||| READING scroll labelled CAM PIOLUTUG.
   638 | D:1      | 638 ||| ENCHANTING +0 shortbow.
   639 | D:1      | 639 ||| DROPPING scroll of butterflies.
   686 | D:2      | Reached XP level 3. HP: 18/18 MP: 4/4
  1239 | D:2      | 1239 ||| UPGRADING to amulet of regeneration.
  1244 | D:2      | 1244 ||| READING scroll labelled JAJAFU QAAX.
  1244 | D:2      | 1244 ||| IDENTIFYING glowing clear potion
  1245 | D:2      | 1245 ||| READING scroll labelled FASKA DOACKIYC.
  1246 | D:2      | 1246 ||| READING scroll labelled JAYQUTHEROEHO.
  1247 | D:2      | 1247 ||| READING scroll labelled MIZON KOSANNEA.
  1250 | D:2      | 1250 ||| DROPPING potion of brilliance.
  1290 | D:3      | 1290 ||| STAIRDANCE
  1296 | D:3      | 1296 ||| STAIRDANCE
  1307 | D:3      | 1307 ||| STAIRDANCE
  1328 | D:2      | Reached XP level 4. HP: 22/22 MP: 5/5
  1447 | D:3      | HP: 1/22 [orc/+0 flail (7)]
  1452 | D:3      | HP: 1/22 [orc/+0 dagger (2)]
  1452 | D:3      | Mangled by an orc

Levels and vault maps discovered:
D:1:      giann_horns, layout_loops_cross
D:2:      layout_loops_cross, minmay_fountain_box,
          hangedman_decor_clover_reticule
D:3:      layout_rooms, gammafunk_temple_overflow_elements

Skill      XL: |  1  2  3  4 |
---------------+-------------+-----
Dodging        | 3 4 5 |  5.3
Ranged Weapons | 5 |  5.0
Fighting       | |  1.6
Stealth        | |  1.5

Action                     |  1- 3 |  4- 6 || total
---------------------------+-------+-------++-------
   Fire: Shortbow          |   136 |    36 ||   172
    Use: Scroll            |     5 |       ||     5
 Armour: Robe              |    25 |     6 ||    31
  Dodge: Dodged            |   130 |    25 ||   155

Table legend:
 A = Non-vault XP
 B = Vault XP
 C = Vault XP percentage of total XP
 D = Non-vault monster count
 E = Vault monster count
 F = Vault count percentage of total count
                 A         B        C        D         E       F
            +---------+---------+-------+---------+---------+-------
      Total |     169 |       0 |   0.0 |      61 |       0 |   0.0
            +---------+---------+-------+---------+---------+-------
        D:1 |      37 |       0 |   0.0 |      20 |       0 |   0.0
        D:2 |      60 |       0 |   0.0 |      31 |       0 |   0.0
        D:3 |      72 |       0 |   0.0 |      10 |       0 |   0.0
            +---------+---------+-------+---------+---------+-------
